 Dungeon Crawl Stone Soup version 0.21-a0-404-g291f19a (webtiles) character file.

2030 tilp the Destroyer (level 9, -1/45 HPs)
             Began as a Deep Elf Fire Elementalist on Oct 26, 2017.
             Was a Follower of Vehumet.
             Slain by a hell rat (8 damage)
             ... on level 7 of the Dungeon.
             The game lasted 00:22:11 (9738 turns).

tilp the Destroyer (Deep Elf Fire Elementalist)     Turns: 9738, Time: 00:22:12

Health: -1/45      AC:  3    Str:  5    XL:     9   Next: 3%
Magic:  19/23      EV: 11    Int: 24    God:    Vehumet [*.....]
Gold:   88         SH:  3    Dex: 15    Spells: 8/24 levels left

rFire    + . .     SeeInvis .   a - +1 dagger (venom)
rCold    . . .     Gourm    .   J - +0 buckler
rNeg     . . .     Faith    .   o - +0 robe
rPois    .         Spirit   .   (helmet restricted)
rElec    .         Reflect  .   (no cloak)
rCorr    .         Harm     .   L - +0 pair of gloves
MR       .....                  (no boots)
Stlth    ++........             z - amulet of Yendor {+Rage rF+}
HPRegen  0.15/turn              (no ring)
MPRegen  0.18/turn              (no ring)

@: drained
A: antennae 1, blurry vision 1
a: Renounce Religion, Evoke Berserk Rage


You were on level 7 of the Dungeon.
You worshipped Vehumet.
Vehumet was aware of your devotion.
You were not hungry.

You visited 2 branches of the dungeon, and saw 8 of its levels.

You collected 358 gold pieces.
You spent 270 gold pieces at shops.

Inventory:

Hand Weapons
 a - a +1 dagger of venom (weapon)
 b - a +0 hunting sling
 p - a +0 dagger
 u - a +2 dagger of pain
 F - a +4 battleaxe
 K - a +1 quarterstaff of draining
 O - a +0 rapier
 R - a +0 hunting sling of freezing
Missiles
 k - 27 poisoned needles
 n - 164 stones (quivered)
 G - 48 sling bullets
 H - 2 throwing nets
Armour
 o - a +0 robe (worn)
 v - a +2 helmet
 J - a +0 buckler (worn)
 L - a +0 pair of gloves (worn)
Magical Staves
 w - an uncursed staff of cold
 N - an uncursed staff of energy {unknown}
Jewellery
 z - the amulet of Yendor (around neck) {+Rage rF+}
   (You found it on level 4 of the Dungeon)

   [amulet of rage]

   It protects you from fire.
   It lets you go berserk.
 Q - an uncursed ring of magical power {unknown}
Wands
 C - a wand of paralysis (6/24)
 E - a wand of iceblast (5/15)
Scrolls
 d - 3 scrolls of amnesia {unknown}
 e - 2 scrolls of random uselessness {unknown}
 f - 4 scrolls of remove curse {unknown}
 g - 2 scrolls of immolation {unknown}
 i - 2 scrolls of recharging {unknown}
 j - 3 scrolls of noise {unknown}
 q - 5 scrolls of identify
 s - a scroll of blinking {unknown}
 x - a scroll of enchant weapon {unknown}
 y - 2 scrolls of fear {unknown}
 M - a scroll of fog {unknown}
Potions
 h - a potion of brilliance {unknown}
 l - a potion of cancellation {unknown}
 t - 6 potions of curing {unknown}
 A - 3 potions of flight {unknown}
 B - a potion of invisibility {unknown}
 D - a potion of heal wounds {unknown}
 I - 2 potions of lignification {unknown}
Books
 m - a book of Flames

   Spells                             Type                      Level
   a - Flame Tongue                   Conjuration/Fire             1
   b - Throw Flame                    Conjuration/Fire             2
   c - Conjure Flame                  Conjuration/Fire             3
   d - Inner Flame                    Hexes/Fire                   3
   e - Sticky Flame                   Conjuration/Fire             4
   f - Fireball                       Conjuration/Fire             5
Comestibles
 c - 4 bread rations
 r - 2 meat rations


   Skills:
 - Level 2.4(1.4) Dodging
 - Level 2.4(1.4) Stealth
 - Level 8.0(6.9) Spellcasting
 + Level 8.5(7.3) Conjurations
 + Level 8.3(7.2) Fire Magic


You had 8 spell levels left.
You knew the following spells:

 Your Spells              Type           Power        Failure   Level  Hunger
a - Flame Tongue          Conj/Fire      #####        1%          1    None
b - Throw Flame           Conj/Fire      #####.       1%          2    None
c - Conjure Flame         Conj/Fire      #####...     1%          3    None
d - Sticky Flame          Conj/Fire      #####...     6%          4    ###....
e - Fireball              Conj/Fire      #####.....   17%         5    #####..
f - Sandblast             Erth           #.....       12%         1    None


Dungeon Overview and Level Annotations

Branches:
Dungeon (7/15)             Temple (1/1) D:6

Altars:
Ashenzari
Cheibriados
Dithmenos
Elyvilon
Fedhas
Gozag
Hepliaklqana
Kikubaaqudgha
Makhleb
Nemelex Xobeh
Okawaru
Qazlal
Ru
Trog
Uskayaw
Vehumet
Wu Jian
Zin
The Shining One

Shops:
D:6 !%*[

Annotations:
D:2 1 runed door, Sigmund


Innate Abilities, Weirdness & Mutations

You have a pair of small antennae on your head.
Scrolls take you a little longer to read.


Message History

Vehumet accepts your kill.
Casting: Flame Tongue
Confirm with . or Enter, or press ? or * to list all spells.
Aiming: Sticky Flame
Press: ? - help, Shift-Dir - straight line, f - hell rat
Aim: a hell rat The sticky flame hits the hell rat.
The hell rat appears unharmed.
The hell rat is covered in liquid flames!
The hell rat burns!
The hell rat barely misses you.
You barely miss the hell rat.
The hell rat is lightly wounded.
The hell rat burns!
The hell rat bites you!!
You closely miss the hell rat.
The hell rat is heavily wounded.
The hell rat burns!
The hell rat bites you!
* * * LOW HITPOINT WARNING * * *
You feel drained.
* * * LOW HITPOINT WARNING * * *
The hell rat bites you!
You die...

...# #.#
#.#####†#.##. .#.#
#.# #.##.†.#.###.
.#.# #.# #.##r##.##
## ##.# ###
#.######.##.####
...###.##
#.##........#
......#[#
##.##.########
.#####.## #...#.# .#
#.# ##.#.#r# .# #.#
#....@.# .#
#.#####.#.##.# .#
#.......#.##.# .#
#########.##.########
.##### #.##........#
.....# #.###########
.###.# #.# .#
#.#########.#
.###...........#


You could see a hell rat (burning).

Vanquished Creatures
  An orc warrior (D:7)
  2 sky beasts
  A phantom (D:5)
  A black bear (D:6)
  3 ogres
  A centaur (D:6)
  3 bullfrogs (D:6)
  2 scorpions
  A centaur zombie (D:7)
  A quasit (D:5)
  5 hounds
  2 hell rats (D:7)
  An iguana (D:6)
  10 orc wizards
  5 worker ants
  A howler monkey zombie (D:6)
  Robin (D:2)
  A howler monkey skeleton (D:5)
  A worker ant zombie (D:6)
  6 gnolls
  2 river rats (D:7)
  7 adders
  A shadow imp (D:7)
  An ooze (D:1)
  3 worms
  2 dart slugs (D:3)
  2 leopard geckos
  5 orcs
  9 goblins
  6 hobgoblins
  7 jackals
  4 quokkas (D:7)
  A ball python (D:4)
  4 bats
  4 kobolds
  2 quokka zombies
  14 rats
123 creatures vanquished.

Notes
Turn   | Place    | Note
-------+----------+-------------------------------------------
     0 | D:1      | tilp the Deep Elf Fire Elementalist began the quest for the Orb.
     0 | D:1      | Reached XP level 1. HP: 10/10 MP: 6/6
   473 | D:1      | Reached XP level 2. HP: 15/15 MP: 2/8
   589 | D:1      | Learned a level 2 spell: Throw Flame
  1261 | D:2      | Found a white marble altar of Elyvilon.
  1323 | D:2      | Reached XP level 3. HP: 19/19 MP: 8/10
  1370 | D:2      | Noticed Sigmund
  1458 | D:2      | Found a runed door.
  1575 | D:2      | Learned a level 3 spell: Conjure Flame
  1711 | D:2      | Noticed Robin
  1803 | D:2      | Killed Robin
  1803 | D:2      | Reached XP level 4. HP: 24/24 MP: 7/11
  1826 | D:2      | Learned a level 4 spell: Sticky Flame
  3381 | D:4      | Reached XP level 5. HP: 28/28 MP: 10/13
  3593 | D:4      | Got a shimmering jade amulet
  4259 | D:4      | Identified the amulet of Yendor {+Rage rF+} (You found it on level 4 of the Dungeon)
  4296 | D:5      | Entered Level 5 of the Dungeon
  4301 | D:5      | Reached XP level 6. HP: 32/32 MP: 6/15
  4480 | D:5      | Reached skill level 5 in Spellcasting
  4548 | D:5      | Reached skill level 5 in Conjurations
  5066 | D:5      | Reached skill level 5 in Fire Magic
  5266 | D:5      | Reached XP level 7. HP: 36/36 MP: 8/17
  5594 | D:5      | Learned a level 5 spell: Fireball
  5897 | D:6      | Found a staircase to the Ecumenical Temple.
  5905 | Temple   | Entered the Ecumenical Temple
  5976 | Temple   | Became a worshipper of Vehumet
  6972 | D:6      | Found Emixis's Antique Armour Emporium.
  6980 | D:6      | Bought a pair of gloves for 144 gold pieces
  7007 | D:6      | Found Tiuvve's Food Shoppe.
  7106 | D:6      | Found Feipiteh's General Store.
  7306 | D:6      | Reached XP level 8. HP: 37/41 MP: 13/20
  8228 | D:6      | Gained mutation: Scrolls take you a little longer to read. [mutagenic meat]
  8229 | D:6      | Gained mutation: You can translocate small distances at will. [mutagenic meat]
  8230 | D:6      | Gained mutation: You are weak. (Str -2) [mutagenic meat]
  8232 | D:6      | Gained mutation: You have large cloven feet. [mutagenic meat]
  8336 | D:6      | Found Cixyim's Distillery.
  8344 | D:6      | Bought a potion of degeneration for 14 gold pieces
  8344 | D:6      | Bought a potion of mutation for 112 gold pieces
  8346 | D:6      | Lost mutation: You can translocate small distances at will. [potion of mutation]
  8346 | D:6      | Lost mutation: You have large cloven feet. [potion of mutation]
  8346 | D:6      | Lost mutation: You are weak. (Str -2) [potion of mutation]
  8346 | D:6      | Gained mutation: You have a pair of small antennae on your head. [potion of mutation]
  8638 | D:7      | Reached * piety under Vehumet
  8638 | D:7      | Offered knowledge of Sandblast by Vehumet.
  8648 | D:7      | Learned a level 1 spell: Sandblast
  9392 | D:7      | Reached XP level 9. HP: 45/45 MP: 10/23
  9738 | D:7      | Slain by a hell rat

Vault maps used:
D:1:      tarquinn_simple_flora_water_d
D:2:      lemuel_doored_altar, uniq_robin, uniq_sigmund, uniq_crazy_yiuf_cottage
D:3:      first_bread
D:6:      minmay_flawed_box, minmay_temple_entry_hall, serial_shops, shop, shop,
          nicolae_shop_behind_doors, shop, minmay_misc_feat_nine_boxes,
          kennysheep_doodads
D:7:      lemuel_ratsnest, uniq_duvessa
Temple:   dpeg_five_rooms_temple

Skill      XL: |  1  2  3  4  5  6  7  8 |
---------------+-------------------------+-----
Conjurations   | 2 3 4 5 6 8 |  8.5
Spellcasting   | 4 5 7 8 |  8.0
Fire Magic     | 4 5 6 8 |  8.3
Dodging        | |  2.4
Stealth        | |  2.4

Action                   |  1- 3 |  4- 6 |  7- 9 || total
-------------------------+-------+-------+-------++-------
Melee: Rapier            |     4 |    28 |    15 ||    47
       Dagger            |       |       |    33 ||    33
 Cast: Flame Tongue      |    56 |    66 |   137 ||   259
       Throw Flame       |     4 |    31 |    21 ||    56
       Conjure Flame     |       |     6 |    13 ||    19
       Sticky Flame      |       |     1 |     7 ||     8
  Use: Scroll            |       |     1 |       ||     1
       Potion            |       |       |     1 ||     1
  Eat: Chunk             |     3 |     8 |    10 ||    21
       Fruit             |       |     3 |     4 ||     7
       Royal jelly       |       |       |     1 ||     1
       Meat ration       |       |       |     1 ||     1
Armor: Robe              |     4 |    23 |    15 ||    42
Dodge: Dodged            |    15 |    48 |    30 ||    93
Block: Buckler           |       |       |     5 ||     5

Table legend:
 A = Spawn XP
 B = Non-spawn XP
 C = Spawn XP percentage of total XP
 D = Spawn monster count
 E = Non-spawn monster count
 F = Spawn count percentage of total count
 G = Total turns spent on level
                    A         B        C        D         E        F      G
               +---------+---------+-------+---------+---------+-------+---------
         Total |       0 |    2900 |   0.0 |       0 |     123 |   0.0 |  9738
               +---------+---------+-------+---------+---------+-------+---------
           D:1 |       0 |      21 |   0.0 |       0 |      10 |   0.0 |   946
           D:2 |       0 |      90 |   0.0 |       0 |      26 |   0.0 |  1151
           D:3 |       0 |      72 |   0.0 |       0 |      18 |   0.0 |  1282
           D:4 |       0 |     194 |   0.0 |       0 |       6 |   0.0 |  1000
           D:5 |       0 |     475 |   0.0 |       0 |      12 |   0.0 |  1541
           D:6 |       0 |    1564 |   0.0 |       0 |      30 |   0.0 |  2322
           D:7 |       0 |     484 |   0.0 |       0 |      21 |   0.0 |  1243
               +---------+---------+-------+---------+---------+-------+---------
